Unix NetHack Version 3.7.0-94 Work-in-progress - last build Dec 18 2023 00:11:04 (7e3deff068b9ef4f2ebb9a71ea0f5c4a3b578a14,branch:master). Game began 2023-12-23 02:27:21, ended 2023-12-23 02:31:53. Arasaka, chaotic female orcish Rogue ----- |...| -------------- ------- |...| |.............# ########-.....| ----...| |............|### |..<..| #-.{....| .........i...|### ##-.....| #|......| |.........d..| # ----.-- #|..*...| |.........@..| ### ## #----...| -------------- # # ## |...| # ## # |...| # #### # ----- ### ## # ## ----.-+-# ###.....>.|# |.....(.# -------- Arasaka the Footpad St:12 Dx:18 Co:14 In:8 Wi:10 Ch:12 Chaotic Dlvl:4 $:13 HP:0(10) Pw:9(9) AC:7 Xp:2/35 T:1117 Latest messages: You swap places with Korone. You see here a large box. Hmmm, the large box turns out to be locked. Unlock it with your lock pick? [ynq] (q) You succeed in picking the lock. You learn more about your items by comparing them. h - 2 uncursed food rations (6 in total). y - a clear potion. z - a green gem. You swap places with Korone. You swap places with Korone. That door is closed. The door resists! The door opens. You swap places with Korone. You see here a worthless piece of violet glass. You see here a worthless piece of violet glass. You hear a slow drip. You see here an empty unlocked large box. You hit the gecko. The gecko bites! You hit the gecko. The gecko misses! You hit the gecko. Korone bites the gecko. The gecko is killed! The gecko bites! Korone bites the gecko. The gecko is killed! You are carrying too much to get through. You are carrying too much to get through. You find a hidden passage. You find a hidden door. The door opens. The door opens. You miss the newt. The newt bites! You hit the newt. You kill the newt! You swap places with Korone. You see here a chest. Hmmm, the chest turns out to be locked. Unlock it with your lock pick? [ynq] (q) Korone misses the homunculus. You succeed in picking the lock. You trigger a trap! A tower of flame bursts from the chest! Your leather armor smoulders! Both of your potions of sickness boil and explode! You die... Inventory: Coins ('$') $ - 13 gold pieces Weapons (')') b - 7 uncursed +0 orcish daggers (at the ready) o - an uncursed +0 orcish dagger (weapon in right hand) Armor ('[') s - a blessed +0 orcish helm (being worn) c - an uncursed burnt +1 leather armor (being worn) Comestibles ('%') h - 6 uncursed food rations g - 2 uncursed tripe rations Spellbooks ('+') p - an uncursed spellbook of dig Potions ('!') w - a cursed potion of extra healing q - a blessed potion of healing x - 2 uncursed potions of healing y - an uncursed potion of water Rings ('=') i - an uncursed ring of slow digestion j - an uncursed ring of slow digestion Wands ('/') r - an uncursed wand of secret door detection (0:13) Tools ('(') f - an empty uncursed sack e - an uncursed lock pick Gems/Stones ('*') z - an uncursed worthless piece of green glass l - an uncursed worthless piece of orange glass u - an uncursed worthless piece of violet glass m - an uncursed worthless piece of yellow glass Arasaka the Rogue's attributes: Background: You were a Footpad, a level 2 female orcish Rogue. You were chaotic, nominally on a mission for Kos who was opposed by Issek (lawful) and Mog (neutral). You were right-handed. You were in the Dungeons of Doom, on level 4. You entered the dungeon 1117 turns ago. It was nighttime. You had 35 experience points, 5 more were needed to attain level 3. Basics: You had 0 out of 10 hit points. You had all 9 energy points (spell power). Your armor class was 7. Your wallet contained 13 zorkmids. Autopickup was on for '$"?' plus thrown, with exceptions. Final Characteristics: Your strength was 12 (limit:18/50). Your dexterity was 18 (limit:18). Your constitution was 14 (limit:18). Your intelligence was 8 (limit:16). Your wisdom was 10 (limit:16). Your charisma was 12 (limit:16). Final Status: You weren't hungry. You were unencumbered. You were wielding a dagger. You had basic skill with dagger. Final Attributes: You were devoutly aligned. You were poison resistant. You had infravision. You were stealthy. You were warded. You are dead. Miscellaneous: You disabled loading of bones levels. Total elapsed playing time was 4 minutes and 31 seconds. Major events: Turn 1: Arasaka the chaotic female orcish Rogue entered the dungeon 1007: entered the Gnomish Mines 1117: killed by boiling potions Vanquished creatures: a large kobold a green mold 2 geckos 5 jackals 2 goblins 7 grid bugs a bat 3 lichens 2 kobold zombies 4 newts 28 creatures vanquished. No species were genocided or became extinct. Voluntary challenges: You were an atheist. You read items or engraved 6 times. You never engraved Elbereth. You never genocided any monsters. You never polymorphed an object. You never changed form. You used no wishes. Achievement: You entered the Gnomish Mines. The Dungeons of Doom: levels 1 to 4 Level 1: Some fountains. Level 2: Level 3: A fountain. Level 4: <- You were here. A sink. Stairs down to The Gnomish Mines. Final resting place for you, killed by boiling potions. The Gnomish Mines: Level 5: Game over: ---------- / \ / REST \ / IN \ / PEACE \ / \ | Arasaka | | 13 Au | | killed by | | boiling potions | | | | | | 2023 | *| * * * | * _________)/\\_//(\/(/\)/\//\/|_)_______ Goodbye Arasaka the Rogue... You died in The Dungeons of Doom on dungeon level 4 with 372 points, and 13 pieces of gold, after 1117 moves. You were level 2 with a maximum of 10 hit points when you died.